 Dungeon Crawl Stone Soup version 0.22.1-2-g9c5b331383 (webtiles) character file.

6710 Jerry the Carver (level 10, -1/91 HPs)
             Began as a Minotaur Fighter on Jan 5, 2019.
             Was an Initiate of Gozag.
             Slain by a wolf (3 damage)
             ... on level 1 of the Lair of Beasts.
             The game lasted 00:26:01 (9389 turns).

Jerry the Carver (Minotaur Fighter)                 Turns: 9389, Time: 00:26:01

Health: -1/91      AC: 19    Str: 23    XL:     10   Next: 74%
Magic:  9/9        EV:  2    Int:  6    God:    Gozag
Gold:   1180       SH:  0    Dex: 10    Spells: 9/9 levels left

rFire    + + .     SeeInvis .   a - +1 long sword
rCold    + . .     Gourm    .   (no shield)
rNeg     + + +     Faith    .   r - +5 chain mail {rF+}
rPois    ∞         Spirit   .   (helmet restricted)
rElec    .         Reflect  .   i - scarf {rC+ rF+}
rCorr    .         Harm     .   E - +0 pair of gloves
MR       .....                  x - +0 pair of boots
Stlth    ..........             w - amulet of regeneration
HPRegen  0.65/turn              (no ring)
MPRegen  0.11/turn              (no ring)

@: petrified
A: retaliatory headbutt, horns 2
a: Potion Petition, Call Merchant, Bribe Branch, Renounce Religion


You were on level 1 of the Lair of Beasts.
You worshipped Gozag.
Gozag was most pleased with you.
You were very hungry.

You visited 3 branches of the dungeon, and saw 11 of its levels.

You collected 1230 gold pieces.
You paid 50 gold pieces to Gozag.

Inventory:

Hand Weapons
 a - a +1 long sword (weapon)
 k - the +7 rapier of Peace {protect, Str+5}
   (You found it on level 9 of the Dungeon)

   It protects the one who uses it against injury (+AC on strike).
   It affects your strength (+5).
 t - a +4 great sword
 B - a cursed +3 great sword
Armour
 c - a +0 shield
 i - a scarf of resistance (worn)
 r - a +5 chain mail of fire resistance (worn)
 x - a +0 pair of boots (worn)
 E - a +0 pair of gloves (worn)
Jewellery
 v - an uncursed amulet of rage
 w - an amulet of regeneration (around neck)
Wands
 d - a wand of flame (53)
 j - a wand of polymorph (14)
 n - a wand of acid (3)
 q - a wand of random effects (35)
Scrolls
 b - 3 scrolls of identify
 e - a scroll of magic mapping
 g - a scroll of enchant weapon
 h - 3 scrolls of teleportation
 l - 2 scrolls of enchant armour
 y - 2 scrolls of blinking
 A - a scroll of holy word {unknown}
 D - 2 scrolls of amnesia {unknown}
Potions
 m - 4 potions of haste {unknown}
 o - 3 potions of curing
 p - 5 potions of lignification
 s - 2 potions of flight {unknown}
 u - a potion of magic {unknown}
 z - 2 potions of invisibility {unknown}
 C - a potion of agility {unknown}
 F - 2 potions of might
Comestibles
 f - 13 rations


   Skills:
 + Level 9.6 Fighting
 * Level 12.4 Long Blades
 + Level 9.5 Armour
 - Level 7.4 Dodging
 - Level 4.7 Shields


You had 9 spell levels left.
You didn't know any spells.
Your spell library was empty.

Dungeon Overview and Level Annotations

Branches:
Dungeon (9/15)             Temple (1/1) D:5            Lair (1/6) D:9
    Orc: D:9-12

Altars:
Ashenzari
Cheibriados
Dithmenos
Elyvilon
Fedhas
Gozag
Hepliaklqana
Kikubaaqudgha
Makhleb
Nemelex Xobeh
Okawaru
Qazlal
Ru
Sif Muna
Trog
Uskayaw
Vehumet
Wu Jian
Xom
Yredelemnul
Zin
The Shining One

Shops:
D:5 *


Innate Abilities, Weirdness & Mutations

You reflexively headbutt those who attack you in melee.
You have a pair of horns on your head.


Message History

* * * LOW HITPOINT WARNING * * *
The wolf bites you but does no damage. The wolf bites you.
* * * LOW HITPOINT WARNING * * *
The wolf bites you.
* * * LOW HITPOINT WARNING * * *
The basilisk barely misses you. The wolf bites you!
* * * LOW HITPOINT WARNING * * *
The wolf bites you.
* * * LOW HITPOINT WARNING * * *
The wolf bites you but does no damage. x7; The wolf barely misses you.
The basilisk bites you!
* * * LOW HITPOINT WARNING * * *
The wolf bites you but does no damage. x2; The wolf bites you!
* * * LOW HITPOINT WARNING * * *
The wolf bites you but does no damage. x4; The basilisk bites you.
* * * LOW HITPOINT WARNING * * *
The wolf bites you but does no damage. The wolf bites you!
You die...
Your body crumbles into a pile of gold.

#.....# #.....#
#........ #....##
#....... #....#
#....P. ##....#
#...). #.....#
#....## ##....#
#....P# #....#
#hhl.# #....#
#h@h.## #....#
#..h..# #....#
#....## #....#
#....#
#....####....#
#....##P#....###
#................
#................
#.................


You could see a basilisk and 5 wolves.

Vanquished Creatures
  Harold (D:8)
  An unseen horror (D:9)
  A black mamba (Lair:1)
  Prince Ribbit (D:5)
  Sigmund (D:5)
  A human (D:7)
  Eustachio (D:4)
  4 hogs (D:7)
  A water moccasin (D:5)
  A porcupine (Lair:1)
  An orc warrior (D:8)
  2 black bears
  2 phantoms (D:5)
  A centaur (D:5)
  10 ogres
  3 crocodiles
  7 bullfrogs
  2 scorpions
  8 wights
  2 howler monkeys
  4 crimson imps
  2 centaur zombies (D:5)
  5 orc priests
  A bullfrog skeleton (D:9)
  5 hounds
  4 orc wizards
  Terence (D:3)
  3 iguanas
  Ijyb (D:2)
  Natasha (thrice) (D:2)
  9 worker ants
  A killer bee zombie (D:5)
  A hound zombie (D:5)
  A worker ant zombie (D:7)
  Robin (D:2)
  A howler monkey skeleton (D:9)
  7 adders
  A shadow imp (D:5)
  An ooze (D:2)
  3 adder skeletons (D:5)
  5 worms
  3 dart slugs
  4 leopard geckos
  13 orcs
  9 bats
  5 giant cockroaches
  19 goblins
  13 hobgoblins
  6 jackals
  5 quokkas
  3 ball pythons
  4 frilled lizards
  A jackal skeleton (D:5)
  9 kobolds
  A leopard gecko skeleton (D:4)
  A quokka skeleton (D:9)
  10 rats
217 creatures vanquished.

Vanquished Creatures (others)
  A quokka (D:5)
1 creature vanquished.

Grand Total: 218 creatures vanquished

Notes
Turn   | Place    | Note
-------+----------+-------------------------------------------
     0 | D:1      | Jerry the Minotaur Fighter began the quest for the Orb.
     0 | D:1      | Reached XP level 1. HP: 19/19 MP: 0/0
   360 | D:1      | Reached XP level 2. HP: 26/27 MP: 1/1
   481 | D:1      | Reached skill level 3 in Long Blades
   889 | D:2      | Noticed Natasha
   908 | D:2      | Noticed a crimson imp
   908 | D:2      | Reached XP level 3. HP: 21/33 MP: 2/2
  1051 | D:2      | Killed Natasha
  1138 | D:2      | Noticed Robin
  1145 | D:2      | Killed Robin
  1218 | D:2      | Reached XP level 4. HP: 40/40 MP: 3/3
  1254 | D:2      | Noticed Natasha
  1263 | D:2      | Killed Natasha
  1263 | D:2      | Reached skill level 4 in Long Blades
  1420 | D:2      | Found a shattered altar of Ashenzari.
  1505 | D:2      | Noticed Natasha
  1510 | D:2      | Killed Natasha
  1510 | D:2      | Reached XP level 5. HP: 45/47 MP: 4/4
  1736 | D:3      | Noticed Ijyb
  1744 | D:2      | Killed Ijyb
  2018 | D:3      | Noticed Terence
  2034 | D:3      | Killed Terence
  2313 | D:3      | Noticed a moth of wrath
  2316 | D:3      | Found a bloodstained altar of Trog.
  2347 | D:3      | Reached skill level 5 in Long Blades
  2934 | D:3      | Reached XP level 6. HP: 41/55 MP: 5/5
  3504 | D:4      | Reached skill level 5 in Fighting
  3504 | D:4      | Reached skill level 5 in Armour
  3516 | D:4      | Reached skill level 1 in Dodging
  3640 | D:4      | Noticed Eustachio
  3659 | D:5      | Entered Level 5 of the Dungeon
  3876 | D:5      | Reached skill level 6 in Long Blades
  3889 | D:5      | Found Zin's Purification Station.
  3894 | D:5      | Found a glowing silver altar of Zin.
  3905 | D:5      | Found a staircase to the Ecumenical Temple.
  3916 | Temple   | Entered the Ecumenical Temple
  3967 | Temple   | Became a worshipper of Gozag Ym Sagoz the Greedy
  4002 | D:5      | Reached XP level 7. HP: 55/61 MP: 6/6
  4044 | D:5      | Noticed Prince Ribbit
  4229 | D:5      | Killed Prince Ribbit
  4229 | D:5      | Reached skill level 7 in Long Blades
  4330 | D:5      | Found an iron altar of Okawaru.
  4351 | D:5      | Reached XP level 8. HP: 70/70 MP: 7/7
  4406 | D:5      | Noticed Sigmund
  4417 | D:5      | Killed Sigmund
  4417 | D:5      | Reached skill level 8 in Long Blades
  4542 | D:5      | Found a white marble altar of Elyvilon.
  4680 | D:4      | Killed Eustachio
  5090 | D:4      | Lost intelligence.
  5641 | D:5      | Reached skill level 9 in Long Blades
  6034 | D:6      | Reached XP level 9. HP: 79/79 MP: 8/8
  6076 | D:6      | Found a shadowy altar of Dithmenos.
  6077 | D:6      | Found an ornate altar of the Wu Jian Council.
  6079 | D:6      | Found a blossoming altar of Fedhas.
  6130 | D:6      | Found a deep blue altar of Sif Muna.
  6150 | D:6      | Found a glowing golden altar of the Shining One.
  6214 | D:6      | Got an iridescent dagger
  6215 | D:6      | Identified the +1 dagger "Yroqonepn" {antimagic, *Noise rF+
                  | Int+3 Dex+2} (You found it on level 6 of the Dungeon)
  6306 | D:6      | Reached skill level 5 in Dodging
  6610 | D:6      | Found a shimmering altar of Xom.
  6836 | D:7      | Reached skill level 10 in Long Blades
  7248 | D:7      | Reached skill level 11 in Long Blades
  7352 | D:8      | Reached XP level 10. HP: 90/90 MP: 9/9
  7951 | D:8      | Noticed Harold
  7975 | D:8      | Killed Harold
  8275 | D:9      | Found a staircase to the Lair.
  8663 | D:9      | Got an ancient rapier
  8742 | D:9      | Identified the +7 rapier of Peace {protect, Str+5} (You
                  | found it on level 9 of the Dungeon)
  8816 | D:9      | Killed an unseen horror
  8816 | D:9      | Reached skill level 12 in Long Blades
  9143 | Lair:1   | Entered Level 1 of the Lair of Beasts
  9164 | Lair:1   | Noticed a black mamba
  9184 | Lair:1   | Killed a black mamba
  9388 | Lair:1   | HP: 4/91 [wolf (3)]
  9389 | Lair:1   | Slain by a wolf

Skill      XL: |  1  2  3  4  5  6  7  8  9 10 |
---------------+-------------------------------+-----
Long Blades    | 3 4 5 6 7 9 11 12 | 12.4
Armour         | 4 5 6 7 8 9 |  9.5
Shields        | 4 |  4.7
Fighting       | 4 5 6 7 8 9 |  9.6
Dodging        | 2 3 4 6 7 |  7.4

Action                   |  1- 3 |  4- 6 |  7- 9 | 10-12 || total
-------------------------+-------+-------+-------+-------++-------
Melee: Long sword        |    66 |   119 |   273 |   134 ||   592
       Headbutt          |    11 |    49 |    69 |    27 ||   156
       Short sword       |       |   160 |       |       ||   160
Evoke: Wand              |       |     1 |       |       ||     1
  Use: Scroll            |       |     8 |     6 |     3 ||    17
       Potion            |       |     1 |     1 |     1 ||     3
 Stab: Distracted        |       |       |     1 |       ||     1
  Eat: Chunk             |     1 |     9 |     1 |       ||    11
       Ration            |       |       |     3 |     2 ||     5
Armor: Scale mail        |    46 |    43 |       |       ||    89
       Chain mail        |       |   117 |   162 |   169 ||   448
       Skin              |       |       |       |     1 ||     1
Dodge: Dodged            |    24 |   104 |   120 |    83 ||   331
       Rpst.: Long sword |     7 |    12 |    35 |    19 ||    73
